 Dungeon Crawl Stone Soup version 0.23.2-1-ga50397a6bc (webtiles) character file.

Game seed: 15593063039047022228

159 Mrkan the Cudgeler (level 5, -3/34 HPs)
             Began as a Gargoyle Fighter on May 19, 2019.
             Slain by a bone dragon (6 damage)
             ... on level 1 of the Abyss.
             The game lasted 00:03:48 (1854 turns).

Mrkan the Cudgeler (Gargoyle Fighter)               Turns: 1854, Time: 00:03:49

Health: -3/34      AC: 10    Str: 20    XL:     5   Next: 40%
Magic:  5/5        EV:  7    Int:  9    God:
Gold:   207        SH:  9    Dex:  9    Spells: 4/4 levels left

rFire    . . .     SeeInvis .   a - +0 flail
rCold    . . .     Gourm    .   c - +0 shield
rNeg     + . .     Faith    .   b - +0 scale mail
rPois    ∞         Spirit   .   (no helmet)
rElec    +         Reflect  .   (no cloak)
rCorr    .         Harm     .   (no gloves)
MR       .....                  (no boots)
Stlth    ..........             (no amulet)
HPRegen  0.11/turn              (no ring)
MPRegen  0.09/turn              (no ring)

@: very slow
A: negative energy resistance 1, electricity resistance, unbreathing,
petrification resistance, rot immunity, AC +4
a: no special abilities


You were on level 1 of the Abyss.
You were hungry.

You visited 1 branch of the dungeon, and saw 3 of its levels.
You visited the Abyss 1 time.

You collected 207 gold pieces.

Inventory:

Hand Weapons
 a - a +0 flail (weapon)
Armour
 b - a +0 scale mail (worn)
 c - a +0 shield (worn)
Jewellery
 h - a cursed amulet of inaccuracy {unknown}
Scrolls
 e - a scroll of magic mapping {unknown}
 g - 2 scrolls of remove curse {unknown}
 j - 2 scrolls of identify {unknown}
 l - 3 scrolls of teleportation {unknown}
Potions
 d - 2 potions of might
 i - 3 potions of curing {unknown}
 k - a potion of agility {unknown}
 m - a potion of resistance {unknown}
 n - 2 potions of magic {unknown}
 o - 2 potions of lignification {unknown}
Comestibles
 f - 7 rations


   Skills:
 + Level 4.5 Fighting
 * Level 4.6 Maces & Flails
 - Level 3.2 Armour
 - Level 3.2 Shields


You had 4 spell levels left.
You didn't know any spells.
Your spell library was empty.

Dungeon Overview and Level Annotations

Branches:
Dungeon (3/15)

Altars:


Innate Abilities, Weirdness & Mutations

You are resistant to torment.
Your stone body is resilient. (AC +4)
You are immune to poison.
You resist negative energy. (rN+)
You are resistant to electric shocks. (rElec)
You can survive without breathing.
You are immune to petrification.
You are immune to rotting.


Message History

There is a gateway leading deeper into the Abyss here.
Found 23 gold pieces.
Found 44 gold pieces.
A bone dragon comes into view.
Found a scroll labeled CUEKYU WAYFAI.
A bone dragon comes into view.
The bone dragon bites you!!
Ouch! That really hurt!
The bone dragon claws you!
* * * LOW HITPOINT WARNING * * *
The bone dragon tramples you but does no damage.
A large abomination comes into view.
An ancient zyme comes into view.
You enter the shallow water.
Moving in this stuff is going to be slow.
You block the bone dragon's attack.
The bone dragon claws you but does no damage.
The bone dragon tramples you but does no damage.
The bone dragon barely misses you. The bone dragon claws you.
You die...

§≈≈............#
..≈≈≈...#.....#.#
≈≈≈≈..###...####
≈≈≈≈≈≈#≈≈#.##
###♣≈≈≈≈#...##..
..#..≈≈X.........#
....≈≈♣Dx≈≈≈##...#
###≈≈D##.≈.#####
#...≈@≈≈≈≈≈#
##.#.#.≈≈≈.... #
#..#..≈.###
#...###≈≈♣ #..#
#..≈ .#. #.. #


You could see 2 bone dragons, an ancient zyme and a large abomination.

Vanquished Creatures
  A howler monkey (D:3)
  3 adders
  An ooze (D:2)
  3 worms
  3 dart slugs (D:2)
  6 leopard geckos
  2 orcs (D:3)
  A ball python (D:2)
  4 giant cockroaches
  7 goblins
  12 hobgoblins
  A quokka (D:3)
  7 bats
  6 frilled lizards
  6 kobolds
  5 rats
68 creatures vanquished.

Notes
Turn   | Place    | Note
-------+----------+-------------------------------------------
     0 | D:1      | Mrkan the Gargoyle Fighter began the quest for the Orb.
     0 | D:1      | Reached XP level 1. HP: 14/14 MP: 1/1
    96 | D:1      | Reached XP level 2. HP: 12/19 MP: 2/2
   323 | D:1      | Reached XP level 3. HP: 21/24 MP: 3/3
   960 | D:2      | Reached XP level 4. HP: 18/29 MP: 4/4
  1626 | D:3      | Reached XP level 5. HP: 19/34 MP: 5/5
  1795 | D:3      | Cast into level 1 of the Abyss (gnoll sergeant)
  1832 | Abyss:1  | Noticed a bone dragon
  1834 | Abyss:1  | Noticed a bone dragon
  1837 | Abyss:1  | HP: 1/34 [bone dragon (10)]
  1848 | Abyss:1  | Noticed a large abomination
  1851 | Abyss:1  | Noticed an ancient zyme
  1854 | Abyss:1  | Slain by a bone dragon

Skill      XL: |  1  2  3  4 |
---------------+-------------+-----
Maces & Flails | 3 4 |  4.6
Fighting       | 4 |  4.5
Armour         | |  3.2
Shields        | |  3.2

Action                   |  1- 3 |  4- 6 || total
-------------------------+-------+-------++-------
Melee: Flail             |   187 |   113 ||   300
  Eat: Chunk             |       |     3 ||     3
Armor: Scale mail        |   151 |    60 ||   211
Dodge: Dodged            |    86 |    44 ||   130
Block: Shield            |   126 |    50 ||   176
